 Dungeon Crawl Stone Soup version 0.29-a0-504-gec6baf379c (webtiles) character file.

Game seed: 15223108633067520158

725 Bruhh the Skirmisher (level 7, -3/75 HPs)
             Began as an Ogre Transmuter on May 28, 2022.
             Was a Believer of Ru.
             Succumbed to Dowan's poison
             ... on level 4 of the Dungeon.
             The game lasted 00:06:16 (5522 turns).

Bruhh the Skirmisher (Ogre Transmuter)              Turns: 5522, Time: 00:06:17

Health: -3/75      AC:  2    Str: 15    XL:     7   Next: 71%
Magic:  12/14      EV: 18    Int: 16    God:    Ru [**....]
Gold:   246        SH:  0    Dex: 14    Spells: 12/16 levels left

rFire   . . .      SeeInvis .     - Unarmed
rCold   . . .      Faith    .   (shield currently unavailable)
rNeg    . . .      Spirit   .   (body armour currently unavailable)
rPois   x          Reflect  .   (helmet currently unavailable)
rElec   .          Harm     .   (cloak currently unavailable)
rCorr   .          Rampage  .   (gloves unavailable)
Will    .....                   (boots unavailable)
Stlth   +.........              (no amulet)
HPRegen 0.22/turn               (no ring)
MPRegen 0.14/turn               (no ring)

@: lethally poisoned (-3 -> -39), spider-form (expiring), attractive
A: venomous fangs, tiny, unfitting armour, (tough skin 1), hated by all
a: End Transformation, Renounce Religion


You were on level 4 of the Dungeon.
You worshipped Ru.
Ru was pleased with you.
You were a venomous arachnid creature.
You visited 1 branch of the dungeon, and saw 4 of its levels.
You also visited: Sewer.

You collected 246 gold pieces.

Inventory:

Hand Weapons
 e - the +4 dagger "Morg" {pain, Will+ Int+5}
   (You found it on level 3 of the Dungeon)

   In the hands of one skilled in necromantic magic, it inflicts extra damage on
   living creatures.
   Int:       It affects your intelligence (+5).
   Will:      It increases your willpower.
Armour
 a - a +0 robe (melded)
Jewellery
 g - a ring of see invisible
Wands
 l - a wand of charming (7)
Scrolls
 b - a scroll of brand weapon {unknown}
 c - a scroll of identify
 d - a scroll of teleportation
 f - 2 scrolls of noise
 n - a scroll of fog
 o - a scroll of acquirement {unknown}
 p - a scroll of fear {unknown}
 r - a scroll of poison {unknown}
Potions
 h - 2 potions of flight
 j - a potion of might {unknown}
 k - a potion of resistance {unknown}
 q - a potion of invisibility {unknown}


   Skills:
 + Level 6.2 Fighting
 - Level 1.7 Dodging
 + Level 5.1 Unarmed Combat
 - Level 5.0 Spellcasting
 - Level 3.0 Transmutations


You had 12 spell levels left.
You knew the following spells:

 Your Spells              Type           Power      Damage    Failure   Level
a - Beastly Appendage     Tmut           26%        N/A       13%         1
b - Spider Form           Tmut/Pois      8%         N/A       45%         3

Your spell library contained the following spells:

 Spells                   Type           Power      Damage    Failure   Level
 Wereblood                Tmut           13%        N/A       19%         2
 Ice Form                 Ice/Tmut       8%         N/A       82%         4


Dungeon Overview and Level Annotations

Branches:
Dungeon (4/15)              Sewer (visited)
 Temple: D:4-7

Altars:
Okawaru
Ru
Vehumet
Yredelemnul

Shops:
D:4 [

Annotations:
D:4 Dowan, Duvessa, Natasha


Innate Abilities, Weirdness & Mutations

You are a venomous arachnid creature.
You have poisonous fangs.
You are tiny and dextrous.
Your spellcasting is less reliable in this form.
Your armour is entirely melded.
You are incapable of wielding weapons or throwing items.
You are too large for most types of armour.
((You have tough skin. (AC +1)))
You are hated by all.


Message History

Dowan closely misses you.
Duvessa gestures with her weapon.
Duvessa barely misses you.
You hit Duvessa.
Duvessa is moderately wounded.
Your transformation is almost over.
Dowan hits you with a +2 dagger of venom!
Duvessa hits you with a +4 short sword!
You focus your inner power and illuminate Duvessa in retribution!
You hit Dowan but do no damage.
Dowan is poisoned.
You closely miss Dowan.
Dowan is lightly wounded.
Duvessa hits you with a +4 short sword!
Dowan hits you with a +2 dagger of venom.
* * * LOW HITPOINT WARNING * * *
Unknown command.
You hit Dowan.
Dowan looks as sick as possible!
Dowan is lightly wounded.
Duvessa stops glowing.
Dowan barely misses you. Duvessa hits you with a +4 short sword.
* * * LOW HITPOINT WARNING * * *
Unknown command.
Okay, then.
You feel better.
Dowan hits you with a +2 dagger of venom.
* * * LOW HITPOINT WARNING * * *
You are lethally poisoned!
Duvessa misses you.
It was a potion of attraction.
You feel attractive to monsters.
* * * LOW HITPOINT WARNING * * *
You feel extremely sick. Duvessa closely misses you. Dowan misses you.
Unknown command.
Unknown command.
Dowan attacks as you move away!
Dowan hits you with a +2 dagger of venom.
* * * LOW HITPOINT WARNING * * *
You are more poisoned.
You die...

#.#.#.......# #.##)#.#
#......##...# #..).).#
###.##.##...#######.### #######
#.##..............# .. ...#
#.##..#####.########### # #..###
#....## ##.# #..... ####....#
####..## ##.## #.#### he......#
#.#.###.## ##.#### ##e#....#
#..s.#..# #...... ##..<..##
###...### #..#.## .......# #ee.#
#..#.## .#.##..# #...# #......
#..##..# #.).# #.##.##
##.##...########...########.#...#
#.#...#...........)......#......
..#...................(.........
###.####.......∩.........#......


You could see Duvessa (very poisoned) and Dowan (extremely poisoned).

Vanquished Creatures
  2 kobold brigands (Sewer)
  A scorpion (D:4)
  4 wights (D:4)
  A bullfrog zombie (D:4)
  2 iguanas (D:4)
  An orc wizard (D:3)
  2 scorpion zombies (D:4)
  4 adders
  A river rat (Sewer)
  An adder zombie (D:4)
  3 worms
  3 dart slugs
  6 orcs (D:3)
  5 bats
  8 endoplasms
  4 giant cockroaches
  9 goblins
  8 hobgoblins
  5 jackals
  2 quokkas (D:3)
  9 ball pythons
  10 kobolds
  7 rats
98 creatures vanquished.

Notes
Turn   | Place    | Note
-------+----------+-------------------------------------------
     0 | D:1      | Bruhh the Ogre Transmuter began the quest for the Orb.
     0 | D:1      | Reached XP level 1. HP: 19/19 MP: 3/3
   132 | D:1      | Found a faded altar of an unknown god.
   155 | D:1      | Reached XP level 2. HP: 28/28 MP: 3/5
   460 | D:1      | Reached skill level 2 in Fighting
   734 | D:1      | Reached XP level 3. HP: 28/35 MP: 5/7
  1382 | D:2      | Reached XP level 4. HP: 42/44 MP: 8/8
  1400 | D:2      | Learned a level 3 spell: Spider Form
  2223 | D:3      | Found a radiant altar of Vehumet.
  2231 | D:3      | Found a sacrificial altar of Ru.
  2240 | D:3      | Reached skill level 3 in Fighting
  2268 | D:3      | Became a worshipper of Ru the Awakened
  2273 | D:3      | Reached XP level 5. HP: 48/53 MP: 10/10
  2504 | D:3      | Found a glowing drain.
  2509 | Sewer    | Entered a sewer
  2683 | Sewer    | Noticed a kobold brigand
  2685 | Sewer    | Noticed a kobold brigand
  2708 | Sewer    | Killed a kobold brigand
  2724 | Sewer    | Killed a kobold brigand
  2725 | Sewer    | Reached skill level 4 in Fighting
  2725 | Sewer    | Reached XP level 6. HP: 15/62 MP: 1/12
  2982 | Sewer    | Found a white marble altar of Elyvilon.
  3086 | D:3      | Found the +4 dagger "Morg" {pain, Will+ Int+5}
  4034 | D:4      | Found a basalt altar of Yredelemnul.
  4327 | D:4      | Found Leroif's Antique Armour Shop.
  4507 | D:4      | Reached XP level 7. HP: 52/71 MP: 14/14
  4607 | D:4      | Noticed Natasha
  4608 | D:4      | Noticed Duvessa
  4609 | D:4      | Noticed Dowan
  4964 | D:4      | Reached skill level 5 in Fighting
  4970 | D:4      | Found an iron altar of Okawaru.
  5040 | D:4      | Reached skill level 5 in Spellcasting
  5228 | D:4      | Gained mutation: You are hated by all. [Ru sacrifice]
  5228 | D:4      | Reached * piety under Ru
  5228 | D:4      | Reached ** piety under Ru
  5513 | D:4      | Reached skill level 6 in Fighting
  5513 | D:4      | Reached skill level 5 in Unarmed Combat
  5522 | D:4      | Succumbed to Dowan's poison

Illustrated notes

Levels and vault maps discovered:
D:1:      minmay_arrival_doors, layout_basic, chequers_ecumenical_altar_simple
D:2:      layout_rooms, amcnicky_mini_corridor_feature, grunt_ministairs_13,
          minmay_pentomino_t2
D:3:      layout_basic, nicolae_ru_great_annihilating_truth,
          overflow_temple_1_default, gup_sewer_entry_bowl, st_stairs_8,
          minmay_randomly_rotated_circles
D:4:      layout_loops_cross, nicolae_yredelemnul_corpse_copse,
          old_standard_altar, serial_shops, shop, uniq_natasha, uniq_duvessa

Skill      XL: |  1  2  3  4  5  6  7 |
---------------+----------------------+-----
Transmutations | 2 3 |  3.0
Fighting       | 2 3 4 6 |  6.2
Unarmed Combat | 3 4 5 |  5.1
Spellcasting   | 3 4 5 |  5.0
Dodging        | |  1.7

Action                   |  1- 3 |  4- 6 |  7- 9 || total
-------------------------+-------+-------+-------++-------
Melee: Unarmed           |    80 |   222 |    55 ||   357
       Headbutt          |    14 |    10 |     5 ||    29
       Kick              |    15 |    44 |     9 ||    68
       Punch             |     1 |     7 |     1 ||     9
       Dagger            |       |    30 |       ||    30
 Cast: Beastly Appendage |    18 |    21 |     5 ||    44
       Spider Form       |       |     2 |     3 ||     5
Invok: Sacrifice Love    |       |       |     1 ||     1
  Use: Potion            |     1 |     1 |     4 ||     6
       Scroll            |       |     4 |     1 ||     5
 Stab: Sleeping          |     1 |       |       ||     1
       Paralysed         |       |     3 |       ||     3
Armor: Robe              |    30 |    60 |     1 ||    91
       Skin              |     9 |    22 |       ||    31
Dodge: Dodged            |    30 |   115 |    40 ||   185

Table legend: (Time is in decaauts)
 A = Elapsed time spent in this place.
 B = Non-inter-level travel time spent in this place.
 C = Inter-level travel time spent in this place.
 D = Time resting spent in this place.
 E = Time spent auto-exploring this place.
 F = Levels seen in this place.
 G = Mean time per level.
                   A        B        C        D        E       F      G
               +--------+--------+--------+--------+--------+-----+--------+
         Total |   5537 |   5489 |     48 |    575 |   4036 |   5 | 1107.4 |
       Dungeon |   4993 |   4945 |     48 |    575 |   3580 |   4 | 1248.2 |
         Sewer |    544 |    544 |      0 |      0 |    456 |   1 |  544.0 |
               +--------+--------+--------+--------+--------+-----+--------+

Top non-repeatable levels by time:
     D:3: 1611 daAuts
     D:4: 1486 daAuts
     D:2: 952 daAuts
     D:1: 943 daAuts
   Sewer: 544 daAuts
